 Dungeon Crawl Stone Soup version 0.23.1-37-gaa34b87b72 (webtiles) character file.

Game seed: 13039962565509550687

487195 MisterOstroum the Hoplite (level 24, -11/155 HPs)
             Began as a Gargoyle Fighter on Mar 21, 2019.
             Was a High Priest of Okawaru.
             Killed from afar by an orb of fire (13 damage)
             ... with a fireball
             ... on level 5 of the Realm of Zot on Mar 22, 2019.
             The game lasted 05:35:36 (40351 turns).

MisterOstroum the Hoplite (Gargoyle Fighter)       Turns: 40351, Time: 05:35:37

Health: -11/155    AC: 50    Str: 23 (24) XL:     24   Next: 65%
Magic:  22/23      EV:  6    Int: 14      God:    Okawaru [*****.]
Gold:   1371       SH: 27    Dex: 11      Spells: 23/23 levels left

rFire    + + +     SeeInvis +   c - +12 flail of the Nexus {crush, rElec rC+ Str-2 Int+3}
rCold    + + +     Gourm    .   k - +2 large shield of Homuma {Regen+ Dex+4}
rNeg     + + .     Faith    .   p - +0 gold dragon scales
rPois    ∞         Spirit   .   N - +1 hat {SInv}
rElec    +         Reflect  .   I - scarf {rC+ rF+}
rCorr    .         Harm     .   y - +2 pair of gloves
MR       ++++.     Clarity  +   z - +0 pair of boots
Stlth    ..........             U - amulet of the Four Winds {rN+ MR+++ Clar}
HPRegen  0.75/turn              L - ring of Robustness {AC+8}
MPRegen  0.18/turn              Y - +3 ring of slaying

@: flying
A: big wings, horns 1, berserk 2, blurry vision 1, clumsy 1, deformed body,
deterioration 1, fire resistance 1, frail 1, low mp 2, negative energy
resistance 1, electricity resistance, weak 2, wild magic 1, unbreathing,
petrification resistance, no potion heal 1, rot immunity, AC +18
}: 3/15 runes: serpentine, barnacled, silver
a: Stop Flying, Heroism, Finesse, Renounce Religion


You were on level 5 of the Realm of Zot.
You worshipped Okawaru.
Okawaru was extremely pleased with you.
You were very full.

You visited 9 branches of the dungeon, and saw 46 of its levels.

You collected 5667 gold pieces.
You spent 4296 gold pieces at shops.

Inventory:

Hand Weapons
 b - the +9 dire flail of Ambiguity {holy, *Noise +Inv rC+}
   (Okawaru gifted it to you on level 2 of the Orcish Mines)

   It has been blessed by the Shining One to cause great damage to the undead
   and demons.
   It protects you from cold.
   It lets you turn invisible.
   It may make noises in combat.
 c - the +12 flail of the Nexus (weapon) {crush, rElec rC+ Str-2 Int+3}
   (Okawaru gifted it to you on level 1 of the Vaults)

   It inflicts extra damage upon your enemies.
   It affects your strength (-2).
   It affects your intelligence (+3).
   It protects you from cold.
   It insulates you from electricity.
 e - a +9 demon whip of electrocution
 h - the +10 flail of Qet Vekk {protect, +Blink rF+ rN++ Dex-2}
   (Okawaru gifted it to you on level 2 of the Orcish Mines)

   It protects the one who uses it against injury (+AC on strike).
   It affects your dexterity (-2).
   It protects you from fire.
   It greatly protects you from negative energy.
   It lets you blink.
Missiles
 s - 67 tomahawks (quivered)
 E - 28 javelins
 O - 5 javelins of penetration
Armour
 k - the +2 large shield of Homuma (worn) {Regen+ Dex+4}
   (You acquired it on level 9 of the Dungeon)

   It affects your dexterity (+4).
   It increases your rate of regeneration.
 p - +0 gold dragon scales (worn)
 y - a +2 pair of gloves (worn)
 z - a +0 pair of boots (worn)
 I - a scarf of resistance (worn)
 N - a +1 hat of see invisible (worn)
Jewellery
 n - an uncursed ring of stealth
 D - an uncursed ring of resist corrosion
 F - an uncursed ring of see invisible
 L - the ring of Robustness (left hand) {AC+8}
   (You bought it in a shop on level 1 of the Depths)

   [ring of protection]

   It affects your AC (+8).
 U - the amulet of the Four Winds (around neck) {rN+ MR+++ Clar}
   (You took it off a vault warden on level 5 of the Vaults)

   [amulet of nothing]

   It protects you from negative energy.
   It affects your resistance to hostile enchantments.
   It protects you against confusion.
 Y - a +3 ring of slaying (right hand)
Wands
 i - a wand of polymorph (38)
 q - a wand of flame (33)
 r - a wand of random effects (78)
 x - a wand of digging (11)
 A - a wand of clouds (7)
 J - a wand of paralysis (10)
 K - a wand of acid (11)
 W - a wand of iceblast (31)
 X - a wand of disintegration (44)
Scrolls
 j - 15 scrolls of remove curse
 u - 5 scrolls of fear
 H - a scroll of blinking
 M - 7 scrolls of teleportation
 V - a scroll of summoning
Potions
 d - 3 potions of might
 g - 3 potions of cancellation
 l - 16 potions of curing
 m - 6 potions of lignification
 o - 4 potions of haste
 t - 2 potions of ambrosia
 w - 4 potions of mutation
 C - 2 potions of magic
 G - 3 potions of invisibility
 P - a potion of brilliance
 Q - 2 potions of resistance
 S - 4 potions of agility
 Z - 2 potions of berserk rage
Miscellaneous
 a - a lightning rod (4/4)
 v - a fan of gales
 T - 2 boxes of beasts
Comestibles
 f - 22 rations


   Skills:
 * Level 24.0 Fighting
 - Level 14.0 Maces & Flails
 - Level 4.0 Throwing
 + Level 20.0 Armour
 - Level 25.0 Shields
 - Level 9.1 Invocations
 - Level 7.0 Evocations


You had 23 spell levels left.
You didn't know any spells.
Your spell library contained the following spells:

 Spells                   Type           Power        Failure   Level  Hunger
 Corona                   Hex            #......      99%         1    ##.....
 Flame Tongue             Conj/Fire      #....        99%         1    ##.....
 Infusion                 Chrm           #...         99%         1    ##.....
 Sandblast                Erth           #.....       99%         1    ##.....
 Ensorcelled Hibernation  Hex/Ice        #.....       100%        2    ###....
 Shroud of Golubria       Chrm/Tloc      #.........   100%        2    ###....
 Song of Slaying          Chrm           #.......     100%        2    ###....
 Throw Flame              Conj/Fire      #.....       100%        2    ###....
 Throw Frost              Conj/Ice       #.....       100%        2    ###....
 Confuse                  Hex            #.......     100%        3    ####...
 Conjure Flame            Conj/Fire      #.......     100%        3    ####...
 Dazzling Spray           Conj/Hex       #.....       100%        3    ####...
 Ignite Poison            Fire/Tmut/Pois #.......     100%        3    ####...
 Regeneration             Chrm/Necr      #.........   100%        3    ####...
 Spectral Weapon          Hex/Chrm       #.......     100%        3    ####...
 Stone Arrow              Conj/Erth      #.....       100%        3    ####...
 Tukima's Dance           Hex            #.......     100%        3    ####...
 Leda's Liquefaction      Hex/Erth       #.........   100%        4    #####..
 Blade Hands              Tmut           #.........   100%        5    ######.
 Bolt of Magma            Conj/Fire/Erth #.........   100%        5    ######.
 Irradiate                Conj/Tmut      #.........   100%        5    ######.
 Lee's Rapid Deconstruct  Erth           #.........   100%        5    ######.
 Lightning Bolt           Conj/Air       #.........   100%        5    ######.
 Silence                  Hex/Air        #.........   100%        5    ######.
 Summon Demon             Summ           #.........   100%        5    ######.
 Summon Mana Viper        Hex/Summ       #.......     100%        5    ######.
 Yara's Violent Unravell  Hex/Tmut       #.........   100%        5    ######.
 Conjure Ball Lightning   Conj/Air       #.........   100%        6    #######
 Freezing Cloud           Conj/Ice/Air   #.........   100%        6    #######
 Hydra Form               Tmut           #.........   100%        6    #######
 Iron Shot                Conj/Erth      #.........   100%        6    #######
 Dragon Form              Tmut           #.........   100%        7    #######
 Tornado                  Air            #.........   100%        9    #######
 Statue Form              Tmut/Erth      Unusable     N/A         6    N/A

Dungeon Overview and Level Annotations

Branches:
Dungeon (15/15)            Temple (1/1) D:5            Lair (6/6) D:8
 Shoals (4/4) Lair:2        Snake (4/4) Lair:3        Slime (0/5) Lair:5
    Orc (2/2) D:10            Elf (0/3) Orc:2        Vaults (5/5) D:14
  Crypt (0/3) Vaults:2     Depths (5/5) D:15            Zot (5/5) Depths:5

Altars:
Ashenzari
Dithmenos
Elyvilon
Fedhas
Gozag
Hepliaklqana
Kikubaaqudgha
Makhleb
Nemelex Xobeh
Okawaru
Qazlal
Ru
Sif Muna
Uskayaw
Vehumet
Wu Jian
Yredelemnul
Zin
The Shining One
Beogh
Jiyva
Lugonu

Shops:
D:8 }   D:9 ?   D:12 }   D:14 [=   Orc:2 %:(:!   Snake:1 ?(*}   Vaults:1 %
Vaults:2 (   Vaults:3 (   Vaults:4 [   Depths:1 }=

Portals:
Hell: Depths:1 Depths:3
Pandemonium: Depths:4 Depths:5
Trove: Vaults:4 (give 2 scrolls of acquirement)

Annotations:
D:15 exclusion: orange crystal statue
Lair:2 slug
Lair:6 3 runed translucent doors!, wont's ghost, journeyman NaWz
Shoals:1 Aizul
Shoals:2 Polyphemus
Orc:2 2 transporters, cada's ghost, journeyman OpMo


Innate Abilities, Weirdness & Mutations

You are resistant to torment.
Your stone body is resilient. (AC +18)
You are immune to poison.
Your large and strong wings let you fly indefinitely.
You resist negative energy. (rN+)
You are resistant to electric shocks. (rElec)
You can survive without breathing.
You are immune to petrification.
You are immune to rotting.
You have a pair of small horns on your head.
You often lose your temper in combat.
Scrolls take you a little longer to read.
You are clumsy. (Dex -2)
Armour fits poorly on your strangely shaped body.
Your body sometimes deteriorates upon taking damage.
Your flesh is heat resistant. (rF+)
You are frail. (-10% HP)
Your magical capacity is very low. (-20% MP)
You are very weak. (Str -4)
Your spells are a little harder to cast, but a little more powerful.
Potions are less effective at restoring your health.


Message History

The orb of fire glows deep purple.
The fireball explodes!
The fireball engulfs you! You resist.
* * * LOW HITPOINT WARNING * * *
The fireball engulfs the orb of fire.
The orb of fire completely resists.
The fireball engulfs the orb of fire.
The orb of fire completely resists.
The orb of fire glows bright magenta.
The fireball explodes!
The fireball engulfs you! You resist.
* * * LOW HITPOINT WARNING * * *
The fireball engulfs the orb of fire.
The orb of fire completely resists.
The fireball engulfs the orb of fire.
The orb of fire completely resists.
The orb of fire emits a lurid red light.
The fireball explodes!
The fireball engulfs the orb of fire.
The orb of fire completely resists.
The fireball engulfs the orb of fire.
The orb of fire completely resists.
The fireball engulfs the orb of fire.
The orb of fire completely resists.
The fireball engulfs you. You resist.
* * * LOW HITPOINT WARNING * * *
The fireball engulfs the orb of fire.
The orb of fire completely resists.
The orb of fire glows red.
The fireball explodes!
The fireball engulfs you! You resist.
You die...

#....D..X*....#
#......**.X.....#
########.########▓▓▓▓########
#§≈§§≈≈*≈§≈≈§§§≈≈§§§§≈≈§≈≈≈§
#≈§§≈≈≈.§*≈≈§§≈≈§§§§§≈§§§≈§§
##§§≈y≈.§D≈§§≈§≈§§#§§§≈≈≈≈≈.
#####§≈§≈D.§.**§.≈≈≈# #§≈≈≈≈...
......≈§≈.##≈#*..≈≈.# #≈##..⌠.
..........####@*....# #....
........######......#######....
........##............#........
........##......##....#........
........##......##....'.(......
........##......##.^..#........
................##....#........
.....⌠..........##....#.#.#.#.#
#######....#######....#........


You could see 8 orbs of fire and a storm dragon.

Vanquished Creatures
  2 ancient liches
  2 orbs of fire
  Boris (Vaults:5)
  Frederick (Vaults:4)
  Saint Roka (Vaults:3)
  Bai Suzhen (Vaults:4)
  Xtahua (Vaults:4)
  5 golden dragons
  Nikola (Snake:3)
  2 liches
  An electric golem (Zot:4)
  Jorgrun (Orc:2)
  7 tentacled monstrosities
  Rupert (D:14)
  Asterion (Vaults:2)
  7 Orb Guardians (Zot:5)
  4 quicksilver dragons
  4 death cobs
  3 titans
  5 sphinxes
  Gastronok (Lair:2)
  2 tengu reavers (Vaults:5)
  10 storm dragons
  2 shadow dragons
  Agnes (Snake:3)
  9 draconian monks (Zot:4)
  9 nagarajas
  5 fire giants
  18 vault wardens
  A draconian knight (Depths:5)
  2 ghost moths (Zot:5)
  A deep elf sorcerer (Vaults:5)
  A draconian shifter (Zot:4)
  A balrug (Depths:1)
  6 frost giants
  3 draconian scorchers
  An orc warlord (Orc:1)
  3 deep elf elementalists (Vaults:4)
  2 draconian stormcallers (Depths:5)
  A spriggan defender (Zot:1)
  7 very ugly things
  3 draconian annihilators
  11 ironheart preservers
  11 stone giants
  A vampire knight (Depths:1)
  A war gargoyle (Vaults:5)
  5 entropy weavers
  Nessos (D:14)
  3 purple draconians
  A lorocyproca (Depths:4)
  3 black draconians
  2 deep elf annihilators
  A yellow draconian (Zot:2)
  2 green draconians
  6 white draconians
  A spark wasp (Zot:4)
  6 red draconians
  A dire elephant (Lair:6)
  A deep elf death mage (Vaults:3)
  An eidolon (Vaults:2)
  6 ettins
  4 merfolk javelineers
  A crystal guardian (Vaults:5)
  8 merfolk impalers
  2 deep elf high priests (Vaults:5)
  8 fire dragons
  A jiangshi (Vaults:2)
  17 naga warriors
  9 yaktaur captains
  2 rakshasas
  34 vault guards
  6 hydras
  4 great orbs of eyes
  12 ice dragons
  4 ghost crabs (Lair:5)
  9 centaur warriors
  2 merfolk avatars
  3 catoblepae
  2 death knights
  A satyr (Shoals:2)
  34 two-headed ogres
  A spriggan air mage (Depths:5)
  3 dancing weapons
  2 deep troll shamans
  5 anacondas
  12 ogre magi
  8 death yaks (Lair:6)
  An alligator snapping turtle (Shoals:4)
  A vampire mage (Vaults:1)
  5 merfolk aquamancers
  2 deep troll earth magi (Depths:1)
  3 tengu warriors
  17 naga sharpshooters
  Urug (D:11)
  6 orc high priests
  A spriggan berserker (Depths:3)
  3 shock serpents
  A soul eater (Depths:4)
  A deep elf knight (Vaults:5)
  2 hell knights (Depths:3)
  4 fire crabs (Lair:5)
  A salamander mystic (Snake:4)
  A storm dragon skeleton (Vaults:3)
  3 skeletal warriors (Vaults:1)
  9 deep trolls
  An unseen horror (D:15)
  2 glowing orange brains
  3 flayed ghosts
  3 naga ritualists (Snake:4)
  A glowing orange brain (shapeshifter) (Vaults:5)
  6 wizards
  3 deep elf archers
  8 phantasmal warriors
  14 sea snakes
  12 ironbrand convokers
  4 lindwurms (D:9)
  A harpy (shapeshifter) (D:15)
  15 orc knights
  An orb spider (shapeshifter) (Depths:1)
  6 orc sorcerers
  19 ugly things
  9 harpies
  2 necromancers
  A wolf spider (Vaults:4)
  11 mana vipers
  4 fauns
  8 deep elf magi
  7 manticores
  5 cyclopes
  A shadow dragon skeleton (Vaults:3)
  3 elephants (Lair:6)
  3 moths of wrath
  An apocalypse crab (Lair:5)
  2 guardian serpents (Snake:3)
  Joseph (D:7)
  10 vault sentinels
  A guardian serpent (shapeshifter) (Depths:1)
  23 naga magi
  7 salamanders
  30 black mambas
  2 gargoyles
  A torpor snail (Lair:6)
  3 merfolk sirens (Shoals:4)
  A molten gargoyle (Depths:1)
  2 centaur zombies
  An eye of devastation (Vaults:1)
  5 spiny frogs
  6 komodo dragons
  A yaktaur zombie (Vaults:3)
  29 yaktaurs
  An efreet (D:15)
  A rime drake (Lair:5)
  14 trolls
  2 komodo dragons (shapeshifter)
  9 freezing wraiths
  An ice devil (Depths:4)
  3 tengu conjurers
  A queen bee (shapeshifter) (Depths:3)
  2 red devils
  19 merfolk
  5 polar bears
  A merfolk (shapeshifter) (Vaults:5)
  8 hornets
  3 wind drakes
  A wolf spider simulacrum (D:15)
  22 slime creatures
  7 snapping turtles
  A blink frog (shapeshifter) (Vaults:1)
  A dream sheep (shapeshifter) (D:13)
  6 dream sheep (Shoals:4)
  A meliai zombie (D:15)
  5 blink frogs (Lair:6)
  2 vampires
  9 hippogriffs
  A centaur simulacrum (D:15)
  A redback (shapeshifter) (D:13)
  2 shadows
  5 wyverns
  2 wraiths
  5 redbacks
  41 yaks
  13 water elementals
  Eustachio (D:7)
  A yak (shapeshifter) (Vaults:1)
  A hog (shapeshifter) (D:14)
  A fire bat (shapeshifter) (Depths:3)
  A basilisk (D:15)
  A neqoxec (Depths:4)
  A fire elemental (D:14)
  A human simulacrum (Vaults:3)
  Edmund (D:6)
  6 vampire mosquitoes
  6 two-headed ogre zombies (D:10)
  52 nagas
  A soldier ant (shapeshifter) (Vaults:2)
  10 wargs
  An acid dragon (D:14)
  10 water moccasins
  A soldier ant (D:15)
  A hell hound (Depths:1)
  A floating eye (Vaults:1)
  12 porcupines
  2 ice beasts (shapeshifter) (Vaults:5)
  2 sky beasts (D:13)
  2 black bears
  2 ice beasts
  29 ogres
  55 orc warriors
  A phantom (D:7)
  2 necrophages
  An ettin simulacrum (Vaults:3)
  2 boggarts (Depths:3)
  An eye of draining (Vaults:1)
  A wolf (shapeshifter) (Vaults:1)
  11 wolves
  21 centaurs
  16 crocodiles
  4 big kobolds
  Blork the orc (D:6)
  20 bullfrogs
  2 wyvern skeletons
  3 scorpions
  11 killer bees
  A howler monkey (D:14)
  8 electric eels
  9 crimson imps
  7 hounds
  3 jellies
  4 quasits
  3 centaur skeletons
  34 orc priests
  28 orc wizards
  7 iguanas
  3 worker ants
  A killer bee zombie (D:6)
  3 worker ant zombies
  4 adders
  4 shadow imps
  An ooze (D:1)
  An adder skeleton (D:7)
  2 adder zombies
  2 worms
  4 leopard geckos
  106 orcs
  3 bats (D:1)
  3 giant cockroaches
  A goblin (D:1)
  6 hobgoblins
  5 jackals (D:1)
  A quokka (D:5)
  6 frilled lizards
  24 kobolds
  A leopard gecko skeleton (D:4)
  A quokka skeleton (D:6)
  A rat (D:1)
  A fungus (Lair:4)
  A plant (Shoals:3)
1522 creatures vanquished.

Vanquished Creatures (collateral kills)
  3 death yaks (Lair:6)
  A yak (Lair:6)
  A water moccasin (Lair:6)
5 creatures vanquished.

Vanquished Creatures (others)
  A stone giant (Vaults:4)
  4 yaktaur captains
  A merfolk aquamancer (Shoals:1)
  A deep elf archer (Vaults:4)
  A deep elf mage (Vaults:1)
  A manticore (Shoals:1)
  A faun (Shoals:2)
  2 cyclopes
  A vault sentinel (Vaults:3)
  11 yaktaurs
  A snapping turtle (Shoals:2)
  2 ogres
  4 centaurs
  A bush (D:14)
  3 fungi (Lair:6)
  18 plants
53 creatures vanquished.

Grand Total: 1580 creatures vanquished

Notes
Turn   | Place    | Note
-------+----------+-------------------------------------------
     0 | D:1      | MisterOstroum the Gargoyle Fighter began the quest for the
                  | Orb.
     0 | D:1      | Reached XP level 1. HP: 14/14 MP: 1/1
   128 | D:1      | Reached XP level 2. HP: 16/19 MP: 2/2
   351 | D:1      | Reached XP level 3. HP: 24/24 MP: 3/3
   807 | D:2      | You fall through a shaft for 2 floors!
   819 | D:4      | Found an ornate altar of the Wu Jian Council.
   819 | D:4      | Found a white marble altar of Elyvilon.
   827 | D:4      | Found an ancient bone altar of Kikubaaqudgha.
   836 | D:4      | Found a basalt altar of Yredelemnul.
   837 | D:4      | Found a faded altar of an unknown god.
   901 | D:4      | Found a sparkling altar of Nemelex Xobeh.
   931 | D:4      | Reached XP level 4. HP: 15/29 MP: 4/4
  1139 | D:4      | Found a shadowy altar of Dithmenos.
  1311 | D:4      | Found a shattered altar of Ashenzari.
  1480 | D:4      | Reached XP level 5. HP: 33/33 MP: 5/5
  1527 | D:5      | Entered Level 5 of the Dungeon
  1673 | D:4      | Reached skill level 5 in Maces & Flails
  1791 | D:4      | Reached XP level 6. HP: 38/38 MP: 6/6
  2079 | D:5      | Got a bloodstained chain mail
  2081 | D:5      | Identified the +8 chain mail of the Good {-Cast rPois rF+
                  | Int+5} (You found it on level 5 of the Dungeon)
  2116 | D:5      | Found a staircase to the Ecumenical Temple.
  2136 | D:5      | Noticed an ice beast
  2138 | Temple   | Entered the Ecumenical Temple
  2159 | Temple   | Became a worshipper of Warmaster Okawaru
  2237 | D:5      | Killed an ice beast
  2237 | D:5      | Reached XP level 7. HP: 21/43 MP: 7/7
  2413 | D:5      | Found a shadowy altar of Dithmenos.
  2510 | D:5      | Reached * piety under Okawaru
  2534 | D:5      | Noticed a wyvern
  2534 | D:5      | an ice beast changed into a wyvern
  2555 | D:5      | Killed a wyvern
  2715 | D:5      | Reached XP level 8. HP: 48/48 MP: 8/8
  3112 | D:6      | Noticed Edmund
  3140 | D:6      | Killed Edmund
  3140 | D:6      | Reached ** piety under Okawaru
  3140 | D:6      | Reached skill level 1 in Invocations
  3140 | D:6      | Reached skill level 1 in Evocations
  3383 | D:6      | Noticed Eustachio
  3553 | D:6      | Noticed Blork the orc
  3563 | D:6      | Killed Blork the orc
  3615 | D:7      | Reached skill level 10 in Maces & Flails
  3641 | D:7      | Reached XP level 9. HP: 52/52 MP: 11/11
  3737 | D:7      | Noticed Joseph
  3783 | D:7      | Killed Joseph
  3983 | D:7      | Reached skill level 5 in Armour
  4064 | D:7      | Killed Eustachio
  4120 | D:7      | Reached *** piety under Okawaru
  4223 | D:7      | Found a glowing golden altar of the Shining One.
  4336 | D:9      | Noticed a lindwurm
  4355 | D:8      | Noticed a hornet
  4358 | D:8      | Killed a hornet
  4379 | D:8      | Noticed a troll
  4396 | D:8      | Killed a troll
  4396 | D:8      | Received a gift from Okawaru
  4396 | D:8      | Reached XP level 10. HP: 37/56 MP: 10/13
  4803 | D:8      | Found a staircase to the Lair.
  4883 | D:8      | Noticed a six-headed hydra
  4890 | D:8      | Killed a six-headed hydra
  4890 | D:8      | Reached **** piety under Okawaru
  4953 | D:8      | Found a stormy altar of Qazlal.
  5120 | D:8      | Found an ornate altar of the Wu Jian Council.
  5253 | D:8      | Found Zaotweov's Gadget Emporium.
  5413 | D:8      | Found a hazy altar of Hepliaklqana.
  5502 | D:9      | Noticed a lindwurm
  5503 | D:9      | Noticed a lindwurm
  5507 | D:9      | Noticed a lindwurm
  5730 | D:9      | Noticed a two-headed ogre
  5744 | D:9      | Killed a two-headed ogre
  5783 | D:9      | Found Hacaas's Magic Scroll Shoppe.
  5838 | D:9      | Reached ***** piety under Okawaru
  6226 | D:10     | Entered Level 10 of the Dungeon
  6242 | D:10     | Found a staircase to the Orcish Mines.
  6507 | D:10     | Found the macabre finger necklace {rN+}
  6522 | D:10     | Reached XP level 11. HP: 61/61 MP: 14/14
  6540 | D:10     | Noticed a two-headed ogre
  6553 | D:10     | Killed a two-headed ogre
  6553 | D:10     | Reached skill level 10 in Armour
  6553 | D:10     | Reached skill level 4 in Shields
  6589 | D:10     | Received a gift from Okawaru
  6672 | D:10     | Reached skill level 5 in Shields
  7223 | D:11     | Received a gift from Okawaru
  7223 | D:11     | Reached skill level 6 in Shields
  7352 | Lair:1   | Entered Level 1 of the Lair of Beasts
  7364 | Lair:1   | Reached skill level 5 in Evocations
  7984 | Lair:1   | Reached skill level 5 in Fighting
  8358 | Lair:2   | Reached skill level 7 in Shields
  8358 | Lair:2   | Reached XP level 12. HP: 67/70 MP: 16/16
  8391 | Lair:2   | Found a staircase to the Shoals.
  8431 | Shoals:1 | Entered Level 1 of the Shoals
  8431 | Shoals:1 | Noticed Aizul
  8451 | Lair:2   | Noticed Gastronok
  9014 | Lair:3   | Found a staircase to the Snake Pit.
  9358 | Lair:3   | Got a twisted war axe
  9377 | Lair:3   | Identified the +2 war axe "Xairiow" {flame, rF+ Str+2} (You
                  | found it on level 3 of the Lair of Beasts)
  9628 | Lair:4   | Noticed a four-headed hydra
  9648 | Lair:4   | Killed a four-headed hydra
  9648 | Lair:4   | Received a gift from Okawaru
  9648 | Lair:4   | Reached skill level 8 in Shields
 10525 | Snake:1  | Entered Level 1 of the Snake Pit
 10555 | Snake:1  | Found Roep's General Store.
 10572 | Snake:1  | Found Qoalugopn's Gadget Boutique.
 10572 | Snake:1  | Found Geluw's Magic Scroll Shop.
 10580 | Snake:1  | Found Umaomaot's Weapon Shop.
 10618 | Snake:1  | Noticed a naga sharpshooter
 10649 | Snake:1  | Killed a naga sharpshooter
 10774 | Snake:1  | Noticed a naga sharpshooter
 10940 | Orc:1    | Entered Level 1 of the Orcish Mines
 11034 | Orc:1    | Noticed an orc high priest
 11040 | Orc:1    | Noticed an ogre mage
 11043 | Orc:1    | Noticed a two-headed ogre
 11047 | Orc:1    | Noticed a two-headed ogre
 11049 | Orc:1    | Noticed a two-headed ogre
 11073 | D:10     | Killed a two-headed ogre
 11073 | D:10     | Reached skill level 10 in Fighting
 11073 | D:10     | Reached skill level 9 in Shields
 11507 | Lair:5   | Received a gift from Okawaru
 11510 | Lair:5   | Reached XP level 13. HP: 68/83 MP: 14/17
 11639 | Lair:5   | Found a viscous altar of Jiyva.
 11639 | Lair:5   | Found a staircase to the Slime Pits.
 11741 | Lair:5   | Found a runed translucent door.
 11775 | Lair:5   | Got a warped chain mail
 12025 | Lair:5   | Noticed an entropy weaver
 12125 | Lair:5   | Killed an entropy weaver
 12125 | Lair:5   | Reached skill level 10 in Shields
 12381 | Lair:5   | Noticed an entropy weaver
 12401 | Lair:5   | Killed an entropy weaver
 12630 | Lair:5   | Noticed an entropy weaver
 12637 | Lair:5   | Killed an entropy weaver
 13008 | Lair:6   | Entered Level 6 of the Lair of Beasts
 13022 | Lair:6   | Found a runed translucent gate.
 13023 | Lair:6   | Found a runed translucent gate.
 13024 | Lair:6   | Found a runed translucent gate.
 13024 | Lair:6   | Noticed a death ooze
 13025 | Lair:6   | Noticed a death ooze
 13026 | Lair:6   | Found a viscous altar of Jiyva.
 13026 | Lair:6   | Noticed wont's ghost (journeyman NaWz)
 13308 | Lair:6   | Reached ****** piety under Okawaru
 13375 | Lair:6   | Identified the +0 chain mail of the Planets {rF+ MR+
                  | Slay+3} (You found it on level 5 of the Lair of Beasts)
 13410 | Lair:6   | Received a gift from Okawaru
 13410 | Lair:6   | Reached skill level 11 in Shields
 13512 | Lair:6   | Gained mutation: Your large and strong wings let you fly
                  | indefinitely. [Gargoyle growth]
 13512 | Lair:6   | Reached XP level 14. HP: 94/94 MP: 18/18
 14290 | Lair:6   | Identified Fanluese's Tome of Captivating Conjuration
 14420 | Lair:6   | Noticed a dire elephant
 14455 | Lair:6   | Killed a dire elephant
 15169 | D:11     | Noticed Urug
 15192 | D:11     | Killed Urug
 15430 | D:11     | Received a gift from Okawaru
 15499 | D:11     | Identified a scroll of acquirement
 15769 | D:10     | Reached skill level 12 in Shields
 15841 | D:9      | Bought a scroll of enchant weapon for 112 gold pieces
 15976 | Snake:1  | Bought a scroll of enchant weapon for 150 gold pieces
 15976 | Snake:1  | Bought a scroll of enchant weapon for 150 gold pieces
 16337 | Orc:1    | Reached skill level 1 in Throwing
 16474 | Orc:1    | Found a roughly hewn altar of Beogh.
 16640 | Orc:2    | Entered Level 2 of the Orcish Mines
 16759 | Orc:2    | Gained mutation: You tend to lose your temper in combat. [a
                  | neqoxec]
 16763 | Orc:2    | Received a gift from Okawaru
 16764 | Orc:2    | Got a brightly glowing flail {god gift}
 16765 | Orc:2    | Identified the +10 flail of Qet Vekk {protect, +Blink rF+
                  | rN++ Dex-2} (Okawaru gifted it to you on level 2 of the
                  | Orcish Mines)
 16800 | Orc:2    | Noticed Jorgrun
 16820 | Orc:2    | Killed Jorgrun
 16843 | Orc:2    | Reached skill level 15 in Fighting
 17099 | Orc:2    | Reached XP level 15. HP: 102/103 MP: 20/20
 17439 | Orc:2    | Found a transporter.
 17439 | Orc:2    | Noticed cada's ghost (journeyman OpMo)
 17453 | Orc:2    | Noticed an orc warlord
 17481 | Orc:2    | Found a transporter.
 17623 | Orc:1    | Killed an orc warlord
 17819 | Orc:2    | Found Qofe's Distillery.
 17854 | Orc:2    | Received a gift from Okawaru
 17929 | Orc:2    | Found a staircase to the Elven Halls.
 18458 | Orc:2    | Reached skill level 13 in Shields
 18472 | Orc:2    | Received a gift from Okawaru
 18476 | Orc:2    | Got a jewelled dire flail {god gift}
 18492 | Orc:2    | Identified the +9 dire flail of Ambiguity {holy, *Noise
                  | +Inv rC+} (Okawaru gifted it to you on level 2 of the
                  | Orcish Mines)
 19079 | Orc:2    | Found Qiofiuco's Food Shoppe.
 19079 | Orc:2    | Found Caqipnos's Book Shoppe.
 19080 | Orc:2    | Found Pikom's Book Shoppe.
 19080 | Orc:2    | Found Puzumm's Weapon Emporium.
 19264 | D:9      | Bought a scroll of acquirement for 780 gold pieces
 19265 | D:9      | Got an ichor-stained large shield
 19276 | D:9      | Identified the +2 large shield of Homuma {Regen+ Dex+4}
                  | (You acquired it on level 9 of the Dungeon)
 19345 | D:9      | Received a gift from Okawaru
 19359 | D:9      | Identified Ibocicla's Magic, Part Five
 19371 | D:9      | Got a dazzling arbalest
 19488 | D:12     | Found Zedousuh's Gadget Shop.
 19756 | D:12     | You fall through a shaft!
 20024 | D:13     | Reached skill level 14 in Shields
 20128 | D:13     | Received a gift from Okawaru
 20187 | D:14     | Noticed Nessos
 20221 | D:14     | Killed Nessos
 20597 | D:13     | Reached skill level 5 in Invocations
 20605 | D:13     | Reached XP level 16. HP: 108/108 MP: 12/21
 21157 | D:14     | Noticed Rupert
 21185 | D:14     | Killed Rupert
 21496 | D:14     | Found Dicsamn's Jewellery Shop.
 21497 | D:14     | Found Kiut's Armour Emporium.
 21546 | D:13     | Received a gift from Okawaru
 21874 | D:14     | Found a gate to the Vaults.
 21888 | D:14     | Reached skill level 15 in Shields
 22042 | D:14     | Received a gift from Okawaru
 22048 | D:14     | Identified the Guide on Ignition and Good Luck
 22050 | D:14     | Identified Sif Muna's Collected Works on Enhancements and
                  | Air
 22408 | D:15     | Entered Level 15 of the Dungeon
 22427 | D:15     | Lost mutation: You tend to lose your temper in combat.
                  | [potion of mutation]
 22427 | D:15     | Gained mutation: You have a pair of small horns on your
                  | head. [potion of mutation]
 22427 | D:15     | Gained mutation: Your spells are a little harder to cast,
                  | but a little more powerful. [potion of mutation]
 22427 | D:15     | Gained mutation: Your flesh is heat resistant. (rF+)
                  | [potion of mutation]
 23269 | D:15     | Found a staircase to the Depths.
 24080 | Snake:1  | Received a gift from Okawaru
 24223 | Snake:2  | Noticed a nagaraja
 24240 | Snake:2  | Killed a nagaraja
 24330 | Snake:2  | Noticed a nagaraja
 24351 | Snake:2  | Killed a nagaraja
 24441 | Snake:2  | Reached XP level 17. HP: 110/115 MP: 20/22
 24540 | Snake:2  | Received a gift from Okawaru
 24552 | Snake:2  | Reached skill level 15 in Armour
 24602 | Snake:2  | Reached skill level 16 in Shields
 25231 | Snake:3  | Noticed Agnes
 25243 | Snake:3  | Killed Agnes
 25243 | Snake:3  | Reached skill level 17 in Shields
 25351 | Snake:3  | Noticed Nikola
 25364 | Snake:3  | Killed Nikola
 25681 | Snake:4  | Entered Level 4 of the Snake Pit
 25949 | Snake:4  | Reached skill level 18 in Shields
 26111 | Snake:4  | Received a gift from Okawaru
 26112 | Snake:4  | Got a crystal morningstar {god gift}
 26113 | Snake:4  | Identified the +4 morningstar of Pestilence {freeze, Int+4
                  | Dex+3} (Okawaru gifted it to you on level 4 of the Snake
                  | Pit)
 26351 | Snake:4  | Received a gift from Okawaru
 26351 | Snake:4  | Reached skill level 19 in Shields
 26351 | Snake:4  | Reached XP level 18. HP: 77/120 MP: 12/23
 26578 | Snake:4  | Got a serpentine rune of Zot
 26768 | Lair:2   | Killed Gastronok
 26918 | D:14     | Bought the amulet "Yrea" {Reflect rF++ MR+ Int+3 SH+3} for
                  | 885 gold pieces
 26925 | D:14     | Bought an uncursed ring of see invisible for 255 gold
                  | pieces
 27093 | Shoals:2 | Noticed Polyphemus
 27205 | Shoals:2 | Reached skill level 20 in Shields
 27439 | Shoals:4 | Entered Level 4 of the Shoals
 27515 | Shoals:4 | Received a gift from Okawaru
 27618 | Shoals:4 | Identified the Incunabulum of the Mountains
 27832 | Shoals:3 | Reached skill level 21 in Shields
 28133 | Shoals:4 | Got a barnacled rune of Zot
 28252 | Shoals:1 | Reached XP level 19. HP: 124/125 MP: 22/24
 28458 | Vaults:1 | Entered Level 1 of the Vaults
 28471 | Vaults:1 | Found Ysiuk's Food Emporium.
 28605 | Vaults:1 | Received a gift from Okawaru
 28613 | Vaults:1 | Reached skill level 22 in Shields
 28627 | Vaults:1 | Identified the +12 flail of the Nexus {crush, rElec rC+
                  | Str-2 Int+3} (Okawaru gifted it to you on level 1 of the
                  | Vaults)
 29326 | Vaults:1 | Received a gift from Okawaru
 29505 | Vaults:1 | Reached skill level 23 in Shields
 29881 | Vaults:1 | Received a gift from Okawaru
 29988 | Vaults:1 | Got a slimy silver ring
 30678 | Vaults:2 | Found a staircase to the Crypt.
 30695 | Vaults:2 | Reached XP level 20. HP: 125/131 MP: 25/25
 30817 | Vaults:2 | Found Qeint's Antique Weapon Shoppe.
 30990 | Vaults:2 | Noticed Asterion
 31013 | Vaults:2 | Killed Asterion
 31230 | Vaults:2 | Identified the ring of Xom's Ringing Laughter {rN+ EV+2}
                  | (You found it on level 1 of the Vaults)
 31489 | Vaults:3 | Noticed a lich
 31495 | Vaults:3 | Killed a lich
 31495 | Vaults:3 | Reached skill level 24 in Shields
 31993 | Vaults:3 | Received a gift from Okawaru
 32063 | Vaults:3 | Found Hulorchuh's Antique Weapon Shop.
 32160 | Vaults:3 | Reached skill level 25 in Shields
 32495 | Vaults:3 | Noticed Saint Roka
 32541 | Vaults:3 | Killed Saint Roka
 32834 | Vaults:4 | Found Gevezosu's Armour Shoppe.
 32987 | Vaults:4 | Received a gift from Okawaru
 33091 | Vaults:4 | Noticed Xtahua
 33108 | Vaults:4 | Killed Xtahua
 33108 | Vaults:4 | Reached XP level 21. HP: 125/138 MP: 26/26
 33188 | Vaults:4 | Noticed Frederick
 33203 | Vaults:4 | Killed Frederick
 33203 | Vaults:4 | Received a gift from Okawaru
 33735 | Vaults:4 | Found a portal to a secret trove of treasure.
 34189 | Depths:1 | Entered Level 1 of the Depths
 34268 | Depths:1 | Received a gift from Okawaru
 34575 | Depths:1 | Found a gateway to Hell.
 34691 | Depths:1 | Found Dulyaruiwk's Gadget Shoppe.
 34691 | Depths:1 | Found Uqon's Jewellery Shop.
 34693 | Depths:1 | Found Golloquw's Jewellery Shop.
 34973 | Snake:1  | Bought a scroll of blinking for 150 gold pieces
 34973 | Snake:1  | Bought a scroll of enchant armour for 150 gold pieces
 35237 | Depths:1 | Bought the ring of Robustness {AC+8} for 1664 gold pieces
 35237 | Depths:1 | Found the ring of Robustness {AC+8}
 35849 | Vaults:5 | Entered Level 5 of the Vaults
 35850 | Vaults:5 | Noticed a golden dragon
 35983 | Vaults:4 | Received a gift from Okawaru
 36184 | Vaults:4 | Reached XP level 22. HP: 119/148 MP: 23/28
 36205 | Vaults:4 | Got a crystal trident {god gift}
 36293 | Vaults:5 | Received a gift from Okawaru
 36309 | Vaults:5 | Identified the +7 double sword "Tigijau" {pain, rPois
                  | Int+7}
 36538 | Vaults:5 | Killed a golden dragon
 36538 | Vaults:5 | Received a gift from Okawaru
 36579 | Vaults:5 | Received a gift from Okawaru
 36660 | Vaults:5 | Noticed Bai Suzhen
 36664 | Vaults:5 | Received a gift from Okawaru
 36664 | Vaults:5 | Noticed an ancient lich
 36669 | Vaults:5 | Identified the +12 broad axe "Pukhys" {protect, +Inv rElec
                  | rPois SInv}
 36669 | Vaults:5 | Identified the +3 hunting sling "Ultimatum" {freeze,
                  | Stlth+}
 36669 | Vaults:5 | Identified the amulet of Qiphaitt {Reflect rElec rC+ Int-2
                  | SH+4}
 36679 | Vaults:5 | Identified the +2 leather armour of Infinity {SInv}
 36680 | Vaults:5 | Noticed Boris
 36841 | Vaults:5 | Identified the amulet of Diwuamui {Harm *Drain rC+ Str+2}
 36914 | Vaults:5 | Killed Boris
 36997 | Vaults:5 | Identified the cursed +2 hunting sling of Doom {flame,
                  | rPois MR- Str+6 SInv}
 37022 | Vaults:5 | Got a silver rune of Zot
 37300 | Vaults:4 | Killed Bai Suzhen
 37739 | Depths:3 | Received a gift from Okawaru
 37739 | Depths:3 | Reached XP level 23. HP: 151/160 MP: 23/29
 37902 | Depths:4 | Found a one-way gate leading to the halls of Pandemonium.
 37956 | Depths:5 | Entered Level 5 of the Depths
 38057 | Depths:5 | Found a gate to the Realm of Zot.
 38059 | Depths:5 | Noticed a golden dragon
 38109 | Depths:5 | Killed a golden dragon
 38149 | Zot:1    | Entered Level 1 of the Realm of Zot
 38421 | Zot:2    | Received a gift from Okawaru
 38442 | Zot:3    | Noticed a golden dragon
 38447 | Zot:3    | Killed a golden dragon
 38538 | Zot:3    | Noticed an orb of fire
 38551 | Zot:3    | Gained mutation: You are weak. (Str -2) [an orb of fire]
 38553 | Zot:3    | Gained mutation: Your body sometimes deteriorates upon
                  | taking damage. [an orb of fire]
 38579 | Zot:3    | Killed an orb of fire
 38702 | Zot:4    | Noticed a curse toe
 38791 | Zot:3    | Found a huge runed gate.
 38792 | Zot:3    | Found a huge runed gate.
 38792 | Zot:3    | Found a huge runed gate.
 38793 | Zot:3    | Found a huge runed gate.
 38794 | Zot:3    | Found a huge runed gate.
 38795 | Zot:3    | Found a huge runed gate.
 38795 | Zot:3    | Found a huge runed gate.
 38796 | Zot:3    | Found a huge runed gate.
 38803 | Zot:3    | Noticed an ancient lich
 38803 | Zot:3    | Noticed a golden dragon
 38803 | Zot:3    | Noticed an orb of fire
 38803 | Zot:3    | Noticed an orb of fire
 38808 | Zot:3    | Gained mutation: You are very weak. (Str -4) [an orb of
                  | fire]
 38831 | Zot:3    | Killed an ancient lich
 38833 | Zot:3    | Gained mutation: Armour fits poorly on your strangely
                  | shaped body. [an orb of fire]
 38841 | Zot:3    | Gained mutation: You are frail. (-10% HP) [an orb of fire]
 38860 | Zot:4    | Gained mutation: Potions are less effective at restoring
                  | your health. [an orb of fire]
 38868 | Zot:4    | Killed an orb of fire
 38868 | Zot:4    | Noticed a golden dragon
 38880 | Zot:4    | Killed a golden dragon
 38908 | Zot:4    | Received a gift from Okawaru
 39100 | Zot:3    | Gained mutation: You tend to lose your temper in combat.
                  | [an orb of fire]
 39171 | Zot:3    | You fall through a shaft!
 39290 | Zot:4    | Noticed a golden dragon
 39304 | Zot:4    | Killed a golden dragon
 39421 | Zot:4    | Reached XP level 24. HP: 153/153 MP: 25/29
 39553 | Zot:4    | Noticed an ancient lich
 39660 | Zot:4    | Received a gift from Okawaru
 39692 | Zot:4    | Identified the +0 plate armour of the Eternal Void {+Inv}
                  | (Okawaru gifted it to you on level 4 of the Realm of Zot)
 39858 | Zot:4    | Killed an ancient lich
 39886 | Zot:4    | Found a stormy altar of Qazlal.
 39949 | Zot:5    | Entered Level 5 of the Realm of Zot
 40316 | Zot:5    | Noticed an ancient lich
 40321 | Zot:5    | Noticed an orb of fire
 40326 | Zot:5    | Noticed an orb of fire
 40328 | Zot:5    | Gained mutation: Your magical capacity is low. (-10% MP)
                  | [an orb of fire]
 40329 | Zot:5    | Noticed an ancient lich
 40334 | Zot:5    | Noticed an orb of fire
 40335 | Zot:5    | Noticed an orb of fire
 40335 | Zot:5    | Noticed an orb of fire
 40335 | Zot:5    | Noticed an orb of fire
 40337 | Zot:5    | Noticed an orb of fire
 40337 | Zot:5    | Gained mutation: Your magical capacity is very low. (-20%
                  | MP) [an orb of fire]
 40339 | Zot:5    | Noticed an orb of fire
 40342 | Zot:5    | Gained mutation: You are clumsy. (Dex -2) [an orb of fire]
 40343 | Zot:5    | Noticed an orb of fire
 40345 | Zot:5    | Gained mutation: Scrolls take you a little longer to read.
                  | [an orb of fire]
 40346 | Zot:5    | Gained mutation: You often lose your temper in combat. [an
                  | orb of fire]
 40351 | Zot:5    | HP: 4/155 [orb of fire/fireball (15)]
 40351 | Zot:5    | Killed from afar by an orb of fire

Skill      XL: |  1  2  3  4  5  6  7  8  9 10 11 12 13 14 15 16 17 18 19 20 21 22 23 24 |
---------------+-------------------------------------------------------------------------+-----
Fighting       | 4 6 10 13 15 16 18 21 22 24 | 24.0
Maces & Flails | 3 4 5 7 8 10 11 12 13 14 | 14.0
Invocations    | 3 4 5 6 7 9 |  9.1
Evocations     | 2 3 4 5 6 7 |  7.0
Armour         | 4 6 9 11 12 13 14 15 16 18 19 20 | 20.0
Shields        | 7 9 11 12 14 15 19 21 23 25 | 25.0
Throwing       | 2 4 |  4.0

Action                   |  1- 3 |  4- 6 |  7- 9 | 10-12 | 13-15 | 16-18 | 19-21 | 22-24 || total
-------------------------+-------+-------+-------+-------+-------+-------+-------+-------++-------
Melee: Flail             |   153 |    12 |       |       |       |       |  1441 |  1344 ||  2950
       Whip              |       |    64 |   379 |   761 |   741 |       |       |       ||  1945
       Punch             |       |       |       |     8 |       |       |       |       ||     8
       Demon whip        |       |       |       |       |   731 |  1492 |    58 |       ||  2281
       Headbutt          |       |       |       |       |       |   304 |   439 |   365 ||  1108
       Morningstar       |       |       |       |       |       |     6 |       |       ||     6
Throw: Stone             |     2 |     3 |    41 |    39 |    10 |       |       |       ||    95
       Tomahawk          |       |       |       |    93 |    46 |    55 |    71 |    59 ||   324
       Javelin           |       |       |       |       |    36 |    13 |       |       ||    49
Invok: Heroism           |       |       |     5 |    22 |    22 |     7 |    25 |    31 ||   112
       Finesse           |       |       |       |     2 |     3 |     1 |     7 |    13 ||    26
 Abil: Evoke Berserk Rag |       |       |       |     3 |     2 |       |       |       ||     5
       Fly               |       |       |       |       |     1 |     6 |     2 |     2 ||    11
       Stop Flying       |       |       |       |       |     1 |     6 |     2 |     1 ||    10
Evoke: Wand              |       |     2 |     2 |       |     5 |       |       |     4 ||    13
       Box of beasts     |       |       |       |       |     1 |       |       |       ||     1
       Fan of gales      |       |       |       |       |       |     1 |       |       ||     1
  Use: Scroll            |       |     6 |     7 |     2 |    22 |     7 |    11 |     6 ||    61
       Potion            |       |       |       |     7 |     6 |     6 |     4 |     8 ||    31
 Stab: Petrified         |       |       |       |       |     5 |     2 |     5 |       ||    12
       Petrifying        |       |       |       |       |     2 |       |       |       ||     2
  Eat: Chunk             |       |     1 |     7 |    15 |    12 |       |     2 |       ||    37
       Ration            |       |     1 |       |     4 |     5 |     8 |     9 |     5 ||    32
Armor: Scale mail        |   110 |    20 |       |       |       |       |       |       ||   130
       Chain mail        |       |    19 |   230 |   386 |     5 |       |       |       ||   640
       Skin              |       |       |       |    33 |       |       |       |       ||    33
       Crystal plate arm |       |       |       |       |   787 |   598 |   516 |    74 ||  1975
       Gold dragon scale |       |       |       |       |       |       |       |   458 ||   458
Dodge: Dodged            |    86 |    28 |   114 |   247 |   189 |   162 |   156 |   176 ||  1158
Block: Shield            |    85 |       |       |    11 |   607 |   211 |       |       ||   914
       Large shield      |       |       |       |       |    22 |  1167 |  1791 |  1284 ||  4264
       Reflection        |       |       |       |       |       |    86 |   140 |    34 ||   260
